 Dungeon Crawl Stone Soup version 0.16.1-4-g8e1b745 (webtiles) character file.

7 Ololoev the Grasshopper (level 1, 0/10 HPs)
             Began as a Spriggan Warper on Mar 27, 2015.
             Slain by a bat (1 damage)
             ... on level 4 of the Dungeon.
             The game lasted 00:01:38 (523 turns).

Ololoev the Grasshopper (Spriggan Warper)            Turns: 523, Time: 00:01:38

Health: 0/10       AC:  3    Str:  7    XL:     1   Next: 83%
Magic:  4/4        EV: 18    Int: 14    God:
Gold:   11         SH:  0    Dex: 15    Spells: 1 memorised, 4 levels left

rFire  . . .     SeeInvis +     a - +0 short sword
rCold  . . .     Clarity  .     b - +0 robe
rNeg   . . .     SustAb   .     (shield restricted)
rPois  .         Gourm    .     i - +1 hat
rElec  .         Spirit   .     (no cloak)
rCorr  .         Warding  .     (gloves unavailable)
rMut   .         Stasis   .     (boots unavailable)
MR     .....                    (no amulet)
Stlth  +.........               (no ring)
                                (no ring)

@: very slightly contaminated, very quick, not resistant to hostile
enchantments, very unstealthy
A: unfitting armour, see invisible, herbivore 3, speed 3, slow metabolism 2
a: no special abilities


You were on level 4 of the Dungeon.
You were not hungry.

You visited 1 branch of the dungeon, and saw 4 of its levels.

You collected 11 gold pieces.

Notes
Turn   | Place    | Note
--------------------------------------------------------------
     0 | D:1      | Ololoev, the Spriggan Warper, began the quest for the Orb.
     0 | D:1      | Reached XP level 1. HP: 10/10 MP: 4/4
   457 | D:4      | Noticed Ololoev's ghost (weakling SpWr)
   523 | D:4      | Slain by a bat

Inventory:

Hand weapons
 a - a +0 short sword (weapon)
Missiles
 e - 5 tomahawks of dispersal (quivered)
Armour
 b - a +0 robe (worn)
 i - a +1 hat (worn)
Jewellery
 j - an uncursed ring of positive energy {unknown}
Scrolls
 g - 2 scrolls of teleportation {unknown}
 h - a scroll of noise {unknown}
Books
 c - a book of Spatial Translocations

   Spells                             Type                      Level
   a - Apportation                    Translocation                1
   b - Blink                          Translocation                2
   c - Shroud of Golubria             Charms/Translocation         2
   d - Portal Projectile              Translocation                3
   e - Teleport Other                 Translocation                3
   f - Passage of Golubria            Translocation                4
Comestibles
 f - a bread ration

Table legend:
 A = Turns spent in this place as a percentage of turns spent in the entire game.
 B = Non-inter-level travel turns spent in this place as a percentage of non-inter-level travel turns spent in the entire game.
 C = Inter-level travel turns spent in this place as a percentage of turns spent in this place.
 D = Turns resting spent in this place as a percentage of non-inter-level travel turns spent in this place.
 E = Turns spent auto-exploring this place as a percentage of non-inter-level travel turns spent in this place.
 F = Non-inter-level travel turns spent in this place divided by the number of levels of this place that you've seen.
                   A       B       C       D       E      F
               +-------+-------+-------+-------+-------+----------------------
         Total | 100.0 | 100.0 |   1.1 |   2.8 |   6.2 |  44.0
       Dungeon | 100.0 | 100.0 |   1.1 |   2.8 |   6.2 |  44.0
               +-------+-------+-------+-------+-------+----------------------


   Skills:
 - Level 1.5 Fighting
 + Level 2.5 Short Blades
 - Level 1.1 Throwing
 - Level 0.6 Armour
 + Level 3.5 Dodging
 - Level 2.6 Spellcasting
 - Level 4.4 Translocations


You had 4 spell levels left.
You knew the following spells:

 Your Spells              Type           Power        Failure   Level  Hunger
a - Apportation           Tloc           ##........   3%          1    #......


Dungeon Overview and Level Annotations

Branches:
Dungeon (4/15)
 Temple: D:4-7

Altars:

Annotations:
D:4 Ololoev's ghost, weakling SpWr


Innate Abilities, Weirdness & Mutations

You are tiny and cannot use many weapons and most armour.
You have supernaturally acute eyesight.
You are a herbivore.
You cover ground extremely quickly.
You need consume almost no food.


Message History

There is an open door here.
Ololoev's ghost is wreathed in a cloud of translocational energy.
You open the door. Ololoev's ghost closely misses you.
There is an open door here.
You close the door.
Ololoev's ghost opens the door.
Found a brass ring.
Casting: Apportation
Confirm with . or Enter, or press ? or * to list all spells.
Aiming: Apportation
Press: ? - help Apport: a brass ring Yoink!
You pull the item towards yourself.
Ololoev's ghost hits you.
j - a brass ring Ololoev's ghost hits you.
Ololoev's ghost misses you.
Read which item? (? for menu, Esc to quit)
Blink to where?
Press: ? - help, Dir - move target cursor You are very lightly contaminated with residual magic.
As you read the scroll of blinking, it crumbles to dust.
A bat comes into view.
The bat misses you.
An ooze comes into view.
The ooze quivers.
The ooze moves out of view.
The bat closely misses you. The ooze barely misses you. The bat hits you.
The ooze closely misses you. The bat barely misses you.
The bat completely misses you. The bat completely misses you.
The ooze hits you but does no damage. The bat misses you.
The bat closely misses you. The bat completely misses you. The bat hits you.
The bat misses you. The bat barely misses you. The bat closely misses you.
The bat hits you.
You die...

#...#....+........#
#...'....#........#
#...#....##+###..#######
#...#.........#..##....#
#'###.........#..##....#
#..####+#.....+........##
#.......+.....#....W....#
#....W..#.....#.b####..##
#.......#.....#.@####..##
#.......'.....'....+....#
#..###+##.....#....#..J.#
##+##.........#....##..##
#...#.........#....##..##
#...#....###+##.........#
#..(#....# ..##....##...#
#...'...W#W..##....##...#
#...#....'..........#...#


You could see a bat.

Table legend:
 A = Kills in this place as a percentage of kills in entire the game.
 B = Kills by you in this place as a percentage of kills by you in the entire game.
 C = Kills by friends in this place as a percentage of kills by friends in the entire game.
 D = Other kills in this place as a percentage of other kills in the entire game.
 E = Experience gained in this place as a percentage of experience gained in the entire game.
 F = Experience gained in this place divided by the number of levels of this place that you have seen.
                   A       B       C       D       E      F
               +-------+-------+-------+-------+-------+----------------------
         Total | 100.0 | 100.0 |  -nan |  -nan | 100.0 |   2.5
       Dungeon | 100.0 | 100.0 |  -nan |  -nan | 100.0 |   2.5
               +-------+-------+-------+-------+-------+----------------------

Vanquished Creatures
  A giant gecko (D:3)
  A goblin (D:1)
  A hobgoblin (D:3)
  A quokka (D:3)
  A rat (D:3)
5 creatures vanquished.

Action                   || total
-------------------------++-------
Melee: Short sword       ||    27
 Cast: Apportation       ||     1
  Use: Scroll            ||     1

Vault maps used:
D:1:      dpeg_arrival_rooms_a, moated_statue, grunt_decor_arrowhead,
          nemelex_deck
D:2:      serial_glass, glass_columns_a, glass_columns_c, first_bread
